Match 42536418
Unlisted

Match 42536418
End
Construct Barracks
Selects Armored Battlegroup
Selects Veteran Crews
Engineer Squad
1⁄4-ton 4x4 Truck
1⁄4-ton 4x4 Truck
Riflemen Squad
Construct Weapon Support Center
Selects M31 Recovery Vehicle
Bazooka Squad
Riflemen Squad
M1919 Machine Gun Team
Infantry Support Center
Grenade Package
M1918 Browning Automatic Rifles
Selects War Machine
M3 Armored Personnel Carrier
Riflemen Squad
Riflemen Squad
M31 Recovery Vehicle
Selects Strength in Steel
Construct Medical Station
Selects M8 Scott SPG
Construct Tank Depot
M18 Hellcat Tank Destroyer
Engineer Squad
Selects UNKNOWN (2160077)
.30 cal Machine Gun
M4A3E8 Sherman Easy Eight
Bazooka Squad
Bazooka Squad
Bazooka Squad
Bazooka Squad
M31 Recovery Vehicle
Black Baron
narrzilla
CHADTOWNE
Ikaiserrr
STRIKE_IIVI ➽
MENGYHESRIHATU
KoalaImpala
Tanith's Finest
0
0

Comments sign in to comment!

No comments posted yet!